 Dungeon Crawl Stone Soup version 0.26-a0-712-ga5a9c9c9d0 (webtiles) character file.

Game seed: 5265558563912507343

(classic levelgen) 1684 EnegeticOcto the Chopper (level 8, -6/74 HPs)
             Began as a Deep Dwarf Fighter on Nov 4, 2020.
             Was a Believer of Makhleb.
             Killed by divine providence
             ... invoked by an orc priest
              (7 damage)
             ... on level 6 of the Dungeon.
             The game lasted 00:02:13 (3164 turns).

EnegeticOcto the Chopper (Deep Dwarf Fighter)       Turns: 3164, Time: 00:02:13

Health: -6/74      AC:  0    Str: 21    XL:     8   Next: 71%
Magic:  7/7        EV:  8    Int: 10    God:    Makhleb [**....]
Gold:   382        SH: 10    Dex: 12    Spells: 7/7 levels left

rFire    . . .     SeeInvis .   a - +0 war axe
rCold    . . .     Faith    .   c - +0 kite shield
rNeg     . . .     Spirit   .   k - +0 plate armour
rPois    .         Reflect  .   (no helmet)
rElec    .         Harm     .   (no cloak)
rCorr    .         Rampage  .   (no gloves)
MR       +....                  (no boots)
Stlth    ..........             (no amulet)
HPRegen  0.00/turn              m - +4 ring of evasion
MPRegen  0.10/turn              (no ring)

@: corroded, non-regenerating
A: damage resistance, heal wounds, sense surroundings 1, no regeneration
a: Heal Wounds, Minor Destruction, Renounce Religion


You were on level 6 of the Dungeon.
You worshipped Makhleb.
Makhleb was pleased with you.
You visited 2 branches of the dungeon, and saw 7 of its levels.

You collected 382 gold pieces.

Inventory:

Hand Weapons
 a - a +0 war axe (weapon)
Armour
 b - a +0 scale mail
 c - a +0 kite shield (worn)
 k - a +0 plate armour (worn)
Jewellery
 m - a +4 ring of evasion (left hand)
Wands
 i - a wand of paralysis (6)
Scrolls
 h - 4 scrolls of remove curse {@r2}
Potions
 d - 2 potions of might {@q3}
 e - a potion of lignification {unknown}
 f - 4 potions of curing {@q1}
 g - 2 potions of heal wounds {unknown}
 j - a potion of degeneration {unknown}


   Skills:
 + Level 5.0 Fighting
 * Level 7.5 Axes
 + Level 5.9 Armour
 + Level 6.0 Shields
 + Level 5.0 Invocations


You had 7 spell levels left.
You didn't know any spells.
Your spell library was empty.

Dungeon Overview and Level Annotations

Branches:
Dungeon (6/15)             Temple (1/1) D:4

Altars:
Ashenzari
Dithmenos
Elyvilon
Fedhas
Gozag
Hepliaklqana
Kikubaaqudgha
Makhleb
Okawaru
Trog
Vehumet
Wu Jian
Yredelemnul
Zin

Shops:
D:5 :[*


Innate Abilities, Weirdness & Mutations

You are resistant to damage.
You can heal yourself by infusing magical energy.
You passively map a small area around you.
You do not regenerate.


Message History

The phantom blinks!
The phantom blinks!
You hit the jelly. The acid corrodes you!
Your hands burn!
The jelly is moderately wounded.
The jelly hits you.
You are splashed with acid.
You hit the jelly. The acid corrodes you!
Your hands burn!
The jelly is heavily wounded.
You block the jelly's attack.
You hit the jelly but do no damage.
Your hands burn!
The jelly is heavily wounded.
You block the jelly's attack.
You hit the jelly.
Your hands burn!
The jelly is severely wounded.
The jelly hits you. The acid corrodes you!
You are splashed with acid!
The jelly hits you.
You are splashed with acid!
You hit the jelly but do no damage.
Your hands burn!
The jelly is severely wounded.
The phantom blinks!
The jelly hits you.
You are splashed with acid!
You hit the jelly.
You kill the jelly!
Makhleb accepts your kill.
You feel better.
You see here a scroll of identify {@r1}.
You barely miss the phantom.
The phantom is moderately damaged.
You hit the plant.
The plant begins to die.
You block the phantom's attack.
You slash the phantom!
The phantom is heavily damaged.
You hit the plant but do no damage. The phantom hits you.
The phantom blinks!
No reachable target in view!
No reachable target in view!
No reachable target in view!
No reachable target in view!
No reachable target in view!
No reachable target in view!
No reachable target in view!
No reachable target in view!
No reachable target in view!
No reachable target in view!
No reachable target in view!
No reachable target in view!
No reachable target in view!
No reachable target in view!
No reachable target in view!
No reachable target in view!
You fail to use your ability.
A nearby plant withers and dies.
The phantom blinks!
A bullfrog comes into view.
The bullfrog gives a loud, deep croak!
A howler monkey comes into view.
The howler monkey howls!
The howler monkey hoots and howls with incredible vigour!
You hear an angry hiss.
Found 8 gold pieces.
A ball python zombie comes into view.
The bullfrog hits you!
Found 13 gold pieces.
You block the bullfrog's attack. The howler monkey hits you.
You closely miss the ball python zombie.
You hit the howler monkey but do no damage.
You hit the bullfrog but do no damage. The bullfrog hits you.
The ball python zombie bites you.
The ball python zombie barely misses you.
The howler monkey hits you. The bullfrog hits you!
You hit the ball python zombie.
The ball python zombie is heavily damaged.
You slash the bullfrog! You hit the howler monkey.
You block the bullfrog's attack. The howler monkey hits you!
* * * LOW HITPOINT WARNING * * *
You block the ball python zombie's attack.
The ball python zombie grabs you. The ball python zombie constricts you.
The bullfrog hits you.
The howler monkey hoots and howls with incredible vigour!
The ball python zombie bites you. The ball python zombie constricts you.
You hear a shout! x2
You hit the ball python zombie.
You destroy the ball python zombie!
Makhleb accepts your kill.
You closely miss the howler monkey. You barely miss the bullfrog.
The bullfrog hits you.
* * * LOW HITPOINT WARNING * * *
The howler monkey closely misses you. The bullfrog hits you.
* * * LOW HITPOINT WARNING * * *
The bullfrog closely misses you.
An orc priest comes into view.
You block the howler monkey's attack. The bullfrog hits you.
* * * LOW HITPOINT WARNING * * *
An orc comes into view. It is wielding a +0 whip.
An orc wizard comes into view. It is wielding a +0 dagger.
The orc priest invokes the aid of Beogh against you.
Beogh smites you!
* * * LOW HITPOINT WARNING * * *
The bullfrog hits you.
* * * LOW HITPOINT WARNING * * *
The orc priest calls down the wrath of Beogh upon you.
Beogh smites you!
You die...

* * , * * * .. ,
, , *, #≈ * *.#
* * #≈≈*###.# *
#≈≈##...#.#
#≈≈≈#...#.#
#≈≈≈#...#.####
.#≈≈≈.≈....o...
,
..≈≈≈≈.@.....o.,
*
.≈≈≈≈P.F.#.####
,
$≈≈≈≈Ph.......o
*
..≈≈≈≈≈..#.####
.≈≈≈≈≈≈.......#
, *
.≈≈≈≈≈≈........
,
.≈≈≈≈≈.........
.≈≈≈≈≈≈........
, *
..P≈≈≈≈........
,


You could see a bullfrog, a howler monkey, an orc priest and an orc.

Vanquished Creatures
  2 ice beasts
  2 ogres
  9 big kobolds (D:4)
  A bullfrog (D:6)
  A gnoll sergeant (D:5)
  A scorpion (D:6)
  2 electric eels (D:6)
  A jelly (D:6)
  5 orc priests (D:4)
  2 worker ants (D:6)
  8 gnolls
  3 adders
  A shadow imp (D:5)
  2 white imps
  An ufetubus (D:6)
  2 adder skeletons
  A worm (D:4)
  A dart slug (D:3)
  4 orcs
  2 bat zombies (D:6)
  3 giant cockroaches
  3 goblins
  7 hobgoblins
  6 jackals
  44 kobolds
  A quokka (D:3)
  A ball python zombie (D:6)
  5 frilled lizards
  2 rats
  2 rat zombies (D:6)
125 creatures vanquished.

Vanquished Creatures (others)
  An adder (D:6)
  5 plants (D:6)
6 creatures vanquished.

Grand Total: 131 creatures vanquished

Notes
Turn   | Place    | Note
-------+----------+-------------------------------------------
     0 | D:1      | EnegeticOcto the Deep Dwarf Fighter began the quest for the
                  | Orb.
     0 | D:1      | Reached XP level 1. HP: 20/20 MP: 1/1
   204 | D:2      | Reached XP level 2. HP: 25/27 MP: 2/2
   472 | D:3      | Reached skill level 3 in Axes
   474 | D:3      | Reached XP level 3. HP: 28/34 MP: 3/3
   720 | D:4      | Found a staircase to the Ecumenical Temple.
   739 | D:4      | Reached XP level 4. HP: 30/42 MP: 4/4
   754 | D:4      | Reached skill level 4 in Axes
   754 | D:4      | Reached XP level 5. HP: 27/49 MP: 5/5
   763 | Temple   | Entered the Ecumenical Temple
   915 | Temple   | Became a worshipper of Makhleb the Destroyer
  1125 | D:4      | Reached skill level 1 in Invocations
  1206 | D:4      | Reached XP level 6. HP: 49/57 MP: 5/7
  1252 | D:4      | Reached skill level 5 in Axes
  1258 | D:4      | Reached XP level 7. HP: 40/63 MP: 8/8
  1305 | D:4      | Reached * piety under Makhleb
  1441 | D:4      | Reached skill level 5 in Armour
  1441 | D:4      | Reached skill level 5 in Shields
  1447 | D:4      | Reached skill level 6 in Axes
  1946 | D:5      | Entered Level 5 of the Dungeon
  1964 | D:5      | Reached ** piety under Makhleb
  1968 | D:5      | Found Ywufer's Book Shop.
  1978 | D:5      | Reached XP level 8. HP: 50/73 MP: 10/10
  2170 | D:5      | Found Funoas's Armour Shop.
  2244 | D:5      | Found Hidytun's General Store.
  2706 | D:6      | Reached skill level 7 in Axes
  2959 | D:6      | Found an ancient bone altar of Kikubaaqudgha.
  3115 | D:6      | Reached skill level 5 in Fighting
  3115 | D:6      | Reached skill level 5 in Invocations
  3164 | D:6      | HP: 1/74 [bullfrog (4)]
  3164 | D:6      | Killed from afar by an orc priest

Illustrated notes

Levels and vault maps discovered:
D:1:      lemuel_arrival_tunnels, layout_basic
D:2:      layout_basic, lemuel_coloured_pillars_altar,
          chequers_temple_overflow_statue_of_worship
D:3:      layout_loops_ring
D:4:      minmay_goblin_kobold_castle, layout_gridville,
          minmay_temple_entry_sparse_star
D:5:      layout_rooms, serial_shops, nicolae_shop_behind_doors,
          kennysheep_mini, shop, serial_rivers, chequers_serial_rivers_micro_e,
          chequers_serial_rivers_micro_b, chequers_serial_rivers_room_a,
          chequers_serial_rivers_micro_c, chequers_serial_rivers_small_3,
          hangedman_abyss_or_decor_jellyfish_corner, lightli_minifort
D:6:      layout_loops_ring, lemuel_zombie_altar_kikubaaqudgha,
          minmay_misc_feat_enclosed, hangedman_abyss_or_decor_lesser_grid,
          chequers_big_river
Temple:   dpeg_five_rooms_temple

Skill      XL: |  1  2  3  4  5  6  7  8 |
---------------+-------------------------+-----
Axes           | 3 4 5 6 7 |  7.5
Fighting       | 3 4 5 |  5.0
Armour         | 4 5 |  5.9
Shields        | 4 5 6 |  6.0
Invocations    | 1 2 3 5 |  5.0

Action                   |  1- 3 |  4- 6 |  7- 9 || total
-------------------------+-------+-------+-------++-------
Melee: War axe           |   104 |    96 |   213 ||   413
 Abil: Heal Wounds       |     1 |     2 |    15 ||    18
  Use: Scroll            |       |       |     9 ||     9
Armor: Scale mail        |    61 |    43 |    60 ||   164
       Plate armour      |       |       |    29 ||    29
Dodge: Dodged            |    36 |    24 |    95 ||   155
Block: Kite shield       |    64 |    61 |   155 ||   280

Table legend: (Time is in decaauts)
 A = Elapsed time spent in this place.
 B = Non-inter-level travel time spent in this place.
 C = Inter-level travel time spent in this place.
 D = Time resting spent in this place.
 E = Time spent auto-exploring this place.
 F = Levels seen in this place.
 G = Mean time per level.
                   A        B        C        D        E       F      G
               +--------+--------+--------+--------+--------+-----+--------+
         Total |   3307 |   3096 |    211 |      0 |   2267 |   7 |  472.4 |
       Dungeon |   3123 |   2991 |    132 |      0 |   2166 |   6 |  520.5 |
        Temple |    183 |    104 |     79 |      0 |    101 |   1 |  183.0 |
               +--------+--------+--------+--------+--------+-----+--------+

Top non-repeatable levels by time:
     D:4: 1246 daAuts
     D:5: 744 daAuts
     D:6: 508 daAuts
     D:2: 282 daAuts
     D:1: 190 daAuts
  Temple: 183 daAuts
     D:3: 151 daAuts
